 Dungeon Crawl Stone Soup version 0.20.1-1-g8b1a95d (console) character file.

9 bli the Skirmisher (level 2, 0/25 HPs)
             Began as a Formicid Abyssal Knight on Aug 12, 2017.
             Was a Follower of Lugonu.
             Slain by a gnoll
             ... wielding a +0 spear
              (9 damage)
             ... on level 1 of the Dungeon.
             The game lasted 00:02:09 (303 turns).

bli the Skirmisher (Formicid Abyssal Knight)         Turns: 303, Time: 00:02:10

Health: 0/25       AC:  3    Str: 16    XL:     2   Next: 25%
Magic:  3/3        EV: 11    Int: 11    God:    Lugonu [*.....]
Gold:   44         SH:  0    Dex: 10    Spells: 1/1 levels left

rFire    . . .     SeeInvis +   j - +0 spear (flame)
rCold    . . .     Gourm    .   (no shield)
rNeg     . . .     Faith    .   b - +0 leather armour
rPois    .         Spirit   .   (helmet unavailable)
rElec    .         Reflect  .   (no cloak)
rCorr    .         Harm     .   (no gloves)
MR       .....                  (no boots)
Stlth    +.........             m - amulet of magic regeneration
Regen    0.1/turn               (no ring)
MPRegen  0.2/turn               (no ring)

@: no status effects
A: permanent stasis, dig shafts and tunnels, four strong arms, antennae 3
a: Dig, Shaft Self, Depart the Abyss, Renounce Religion


You were on level 1 of the Dungeon.
You worshipped Lugonu.
Lugonu was aware of your devotion.
You were not hungry.

You visited 1 branch of the dungeon, and saw 1 of its levels.
You visited the Abyss 1 time.

You collected 44 gold pieces.

Inventory:

Hand Weapons
 a - a +1 short sword
 j - a +0 spear of flaming (weapon)
Missiles
 h - 8 tomahawks (quivered)
Armour
 b - a +0 leather armour (worn)
Jewellery
 m - an amulet of magic regeneration (around neck)
Scrolls
 e - 2 scrolls of random uselessness {unknown}
 g - a scroll of identify {unknown}
 l - a scroll of enchant weapon {unknown}
 n - a scroll of amnesia {unknown}
Potions
 f - a potion of curing {unknown}
Comestibles
 c - 2 bread rations
 d - 2 fruits
 i - 5 chunks of flesh
 k - a meat ration


   Skills:
 * Level 3.8 Fighting
 - Level 2.0 Short Blades
 + Level 2.2 Armour
 + Level 0.8 Dodging
 + Level 2.2 Invocations


You had one spell level left.
You didn't know any spells.

Dungeon Overview and Level Annotations

Branches:
Dungeon (1/15)

Altars:


Innate Abilities, Weirdness & Mutations

You cannot be hasted, slowed, berserked, paralysed or teleported.
You can dig through walls and to a lower floor.
Your four strong arms can wield two-handed weapons with a shield.
You have a pair of large antennae on your head. (SInv)


Message History

m - an amulet of magic regeneration (around neck)
There is an escape hatch in the floor here.
A gnoll comes into view. It is wielding a spear.
The gnoll shouts!
The gnoll hits you but does no damage.
Attack whom?
Press: ? - help, Dir - move target cursor, f - gnoll
Aim: a gnoll, wielding a spear You reach to attack!
You hit the gnoll but do no damage.
The gnoll hits you from afar with a spear! x2
Attack whom?
Press: ? - help, Dir - move target cursor, f/p - gnoll
Aim: a gnoll, wielding a spear You reach to attack!
You barely miss the gnoll. The gnoll completely misses you.
Attack whom?
Press: ? - help, Dir - move target cursor, f/p - gnoll
Aim: a gnoll, wielding a spear You reach to attack!
You barely miss the gnoll.
The gnoll hits you from afar with a spear!
You die...

#### #....... .##...#
#....... .......####.......
#.. .................. #..
........###....... #...
..........##...... #..
.......##.###.....
#........###.......##
#g###.####....###...
#..##.........# ##..
#.@...##.....####..
############...#.##.###....
#..........#.#.#.##........
#..........#.#..........#..
#...............##.........
#..........................
#..........#..##........#.#
######.#####......####.##..
#.# ##....#.## #.##..
##.###...#.#.# #.##..
#..##..#.....# #.##..


You could see a gnoll.

Vanquished Creatures
  A leopard gecko (D:1)
  2 bats (D:1)
  A giant cockroach (D:1)
  A goblin (D:1)
  A hobgoblin (D:1)
  A kobold (D:1)
7 creatures vanquished.

Notes
Turn   | Place    | Note
-------+----------+-------------------------------------------
     0 | Abyss:1  | bli the Formicid Abyssal Knight began the quest for the Orb.
     0 | Abyss:1  | Reached XP level 1. HP: 18/18 MP: 2/2
    34 | D:1      | Escaped the Abyss
   208 | D:1      | Reached XP level 2. HP: 24/25 MP: 3/3
   303 | D:1      | Slain by a gnoll

Action                   || total
-------------------------++-------
Melee: Short sword       ||    14
       Spear             ||    11
Armor: Leather armour    ||     5
Dodge: Dodged            ||     7
